 Dungeon Crawl Stone Soup version 0.20.1-1-g8b1a95d (webtiles) character file.

87 polve the Charmwright (level 4, -2/33 HPs)
             Began as a Merfolk Skald on July 18, 2017.
             Slain by a goblin
             ... wielding a cursed -1 club
             ... led by Robin
              (3 damage)
             ... on level 2 of the Dungeon.
             The game lasted 00:03:49 (2416 turns).

polve the Charmwright (Merfolk Skald)               Turns: 2416, Time: 00:03:50

Health: -2/33      AC:  3    Str:  8 (11) XL:     4   Next: 51%
Magic:  2/7        EV: 12    Int: 17 (18) God:
Gold:   38         SH:  0    Dex: 10 (13) Spells: 4/7 levels left

rFire    . . .     SeeInvis .   a - +0 spear
rCold    . . .     Gourm    .   (no shield)
rNeg     . . .     Faith    .   b - +0 leather armour
rPois    .         Spirit   .   (no helmet)
rElec    .         Reflect  .   (no cloak)
rCorr    .         Harm     .   (no gloves)
MR       .....                  (no boots)
Stlth    +.........             (no amulet)
Regen    0.2/turn               (no ring)
MPRegen  0.1/turn               (no ring)

@: brilliant
A: change form in water, swift swim, stealthy swim
a: no special abilities


You were on level 2 of the Dungeon.
You were not hungry.

You visited 1 branch of the dungeon, and saw 2 of its levels.

You collected 38 gold pieces.

Inventory:

Hand Weapons
 a - a +0 spear (weapon)
Armour
 b - a +0 leather armour (worn)
Scrolls
 h - a scroll of teleportation {unknown}
 i - a scroll of enchant weapon {unknown}
 j - a scroll of immolation {unknown}
Potions
 e - a potion of flight
Books
 c - a book of Battle

   Spells                             Type                      Level
   a - Infusion                       Charms                       1
   b - Shroud of Golubria             Charms/Translocation         2
   c - Song of Slaying                Charms                       2
   d - Spectral Weapon                Hexes/Charms                 3
   e - Regeneration                   Charms/Necromancy            3
Comestibles
 d - 2 bread rations
 g - 3 meat rations
 m - a royal jelly


   Skills:
 - Level 2.1 Fighting
 - Level 3.0 Polearms
 - Level 0.6 Armour
 - Level 2.6 Dodging
 - Level 2.0 Spellcasting
 + Level 4.2 Charms
 + Level 2.5 Translocations


You had 4 spell levels left.
You knew the following spells:

 Your Spells              Type           Power        Failure   Level  Hunger
a - Infusion              Chrm           ####         1%          1    #......
b - Shroud of Golubria    Chrm/Tloc      ###.......   1%          2    ###....


Dungeon Overview and Level Annotations

Branches:
Dungeon (2/15)

Altars:

Annotations:
D:2 Jessica, Robin


Message History

Robin throws the goblin at you!
* * * LOW HITPOINT WARNING * * *
The goblin barely misses you.
The hobgoblin no longer looks unusually strong.
Robin's bangles clink loudly.
Robin roars a battlecry!
The goblin hits you.
* * * LOW HITPOINT WARNING * * *
Found a ring mail.
A kobold comes into view.
The goblin no longer looks unusually strong.
The kobold throws a stone.
The stone hits you but does no damage.
You see here a stone.
It was a potion of brilliance.
You feel clever all of a sudden.
The kobold throws a stone.
The stone hits you but does no damage. Jessica hits you with a dagger.
* * * LOW HITPOINT WARNING * * *
The goblin hits you but does no damage. The goblin hits you with a club.
You die...

####?.# #....# #.##...#######
##.....###..##.# #.##.#.# #
#....#.....###.# ..##...## #
+......####..# ..###...## #
#+#..##ggg.#.# #..# ##...#####
##.##..###....####..######......
##.⌠.##..##.#.....$...[K #####.[
....g##..#.#..@g....... ###
.'.g.##g#.#..g@....... #
#'#...#g#.#..#########
##.##.gg.#.#..##
##..g##.#.#..#..#
#....g###g##.#..###
..#.#.g##.##....÷.######
.##.##..#g##..###......##########
# #.###.........)#####...)......#
..# ##..........## ##########..


You could see Robin, Jessica, a hobgoblin, 3 goblins and a kobold.

Vanquished Creatures
  Terence (D:2)
  An adder (D:2)
  An ooze (D:1)
  A worm (D:2)
  A ball python (D:1)
  A giant cockroach (D:2)
  10 goblins
  7 hobgoblins
  4 jackals (D:2)
  4 kobolds
  A quokka (D:2)
  7 bats
  4 frilled lizards
  A rat (D:2)
44 creatures vanquished.

Notes
Turn   | Place    | Note
-------+----------+-------------------------------------------
     0 | D:1      | polve the Merfolk Skald began the quest for the Orb.
     0 | D:1      | Reached XP level 1. HP: 16/16 MP: 3/3
   335 | D:1      | Reached XP level 2. HP: 22/22 MP: 0/5
   345 | D:1      | Learned a level 2 spell: Shroud of Golubria
   687 | D:1      | Reached skill level 4 in Charms
   825 | D:1      | Reached skill level 1 in Translocations
  1183 | D:1      | Reached XP level 3. HP: 25/27 MP: 6/6
  1512 | D:2      | Noticed Terence
  1559 | D:2      | Killed Terence
  1560 | D:2      | Reached XP level 4. HP: 14/33 MP: 0/7
  2380 | D:2      | Noticed Robin
  2380 | D:2      | Noticed Jessica
  2413 | D:2      | HP: 1/33 [goblin[Robin] (1)]
  2416 | D:2      | Slain by a goblin

Skill      XL: |  1  2  3 |
---------------+----------+-----
Charms         | 4 |  4.2
Translocations | 1 2 |  2.5
Fighting       | |  2.1
Polearms       | |  3.0
Armour         | |  0.6
Dodging        | |  2.6
Spellcasting   | |  2.0

Action                   |  1- 3 |  4- 6 || total
-------------------------+-------+-------++-------
Melee: Spear             |   102 |    73 ||   175
 Cast: Infusion          |    14 |     4 ||    18
  Use: Potion            |       |     4 ||     4
 Stab: Sleeping          |     3 |       ||     3
  Eat: Chunk             |     2 |     3 ||     5
Armor: Leather armour    |    17 |    23 ||    40
Dodge: Dodged            |    51 |    66 ||   117
